 Dungeon Crawl Stone Soup version 0.23-a0-484-g29ba69c (webtiles) character file.

19 iamserjio the Caller (level 2, 4/27 HPs)
             Began as an Ogre Summoner on Nov 30, 2018.
             Quit the game on level 2 of the Dungeon.
             The game lasted 00:02:40 (1281 turns).

iamserjio the Caller (Ogre Summoner)                Turns: 1281, Time: 00:02:41

Health: 4/27       AC:  3    Str: 11    XL:     2   Next: 75%
Magic:  1/5        EV: 10    Int: 16    God:
Gold:   62         SH:  0    Dex:  9    Spells: 3/6 levels left

rFire    . . .     SeeInvis .     - Unarmed
rCold    . . .     Gourm    .   (no shield)
rNeg     . . .     Faith    .   a - +0 robe
rPois    .         Spirit   .   (helmet restricted)
rElec    .         Reflect  .   (no cloak)
rCorr    .         Harm     .   (gloves unavailable)
MR       .....                  (boots unavailable)
Stlth    ..........             (no amulet)
HPRegen  0.09/turn              h - ring of attention (curse)
MPRegen  0.09/turn              (no ring)

@: lethally poisoned (4 -> -19), hasted, very quick
A: large, unfitting armour, tough skin 1
a: no special abilities


You were on level 2 of the Dungeon.
You were not hungry.

You visited 1 branch of the dungeon, and saw 2 of its levels.

You collected 62 gold pieces.

Inventory:

Armour
 a - a +0 robe (worn)
Jewellery
 h - a cursed ring of attention (left hand)
Scrolls
 b - a scroll of random uselessness {unknown}
 d - a scroll of identify {unknown}
 e - 2 scrolls of remove curse {unknown}
 f - a scroll of teleportation {unknown}
 g - a scroll of blinking {unknown}
 i - a scroll of magic mapping {unknown}
Comestibles
 c - 4 rations
 k - 3 chunks of flesh


   Skills:
 + Level 1.2 Fighting
 - Level 1.7 Dodging
 - Level 1.4 Stealth
 * Level 1.1 Unarmed Combat
 + Level 2.7 Spellcasting
 + Level 3.7 Summonings


You had 3 spell levels left.
You knew the following spells:

 Your Spells              Type           Power        Failure   Level  Hunger
a - Summon Small Mammal   Summ           ##..         4%          1    #......
b - Call Imp              Summ           ##......     6%          2    ##.....

Your spell library contained the following spells:

 Spells                   Type           Power        Failure   Level  Hunger
 Call Canine Familiar     Summ           ##......     12%         3    ###....
 Summon Guardian Golem    Hex/Summ       #.......     26%         3    ###....
 Summon Ice Beast         Ice/Summ       #.......     65%         4    #####..
 Summon Lightning Spire   Summ/Air       #.......     65%         4    #####..


Dungeon Overview and Level Annotations

Branches:
Dungeon (2/15)

Altars:


Innate Abilities, Weirdness & Mutations

You are too large for most types of armour.
You have tough skin. (AC +1)


Message History

The worker ant bites you.
You barely miss the worker ant. Your punch misses the worker ant.
You feel sick. The worker ant bites you.
Your iron imp hits the worker ant.
You feel sick.
Casting: Call Imp (safe; 6% risk of failure)
Okay, then.
Casting: Call Imp (safe; 6% risk of failure)
A metallic apparition takes form in the air.
Your iron imp says, "Let's cause disruption!"
Something bites your iron imp. The worker ant bites you.
You are lethally poisoned!
The worker ant poisons you! Something closely misses your iron imp.
It was a potion of haste.
You feel yourself speed up.
You feel sick. The worker ant bites you!
* * * LOW HITPOINT WARNING * * *
You are more poisoned.
The worker ant poisons you!
Your iron imp hits the worker ant.
Something closely misses your iron imp.
You aren't carrying any potions.
Unknown command.

#######################
#>..5a@.รท..............
#.##5##################
#s# .l. ..... ......r
#.##.#... #. ....###
##.## # ..... .....


You could see a worker ant and 2 friendly iron imps.

Vanquished Creatures
  4 bats
  A frilled lizard (D:1)
  4 goblins
  A kobold (D:1)
10 creatures vanquished.

Vanquished Creatures (collateral kills)
  An adder (D:2)
  A leopard gecko (D:2)
  A goblin (D:2)
  2 frilled lizards
  A kobold (D:1)
6 creatures vanquished.

Grand Total: 16 creatures vanquished

Notes
Turn   | Place    | Note
-------+----------+-------------------------------------------
     0 | D:1      | iamserjio the Ogre Summoner began the quest for the Orb.
     0 | D:1      | Reached XP level 1. HP: 16/16 MP: 3/3
   581 | D:1      | Reached XP level 2. HP: 26/26 MP: 5/5
   785 | D:1      | Learned a level 2 spell: Call Imp
   889 | D:2      | Reached skill level 1 in Fighting
   902 | D:2      | Reached skill level 1 in Unarmed Combat
  1281 | D:2      | Quit the game

Vault maps used:
D:1:      lightli_arrival_isolated_outpost
D:2:      kennysheep_doodads

Skill      XL: |  1  2 |
---------------+-------+-----
Fighting       | 1 |  1.2
Unarmed Combat | 1 |  1.1
Dodging        | |  1.7
Stealth        | |  1.4
Spellcasting   | |  2.7
Summonings     | |  3.7

Action                   || total
-------------------------++-------
Melee: Unarmed           ||    84
       Punch             ||     1
 Cast: Summon Small Mamm ||     6
       Call Imp          ||     4
  Use: Potion            ||     1
  Eat: Chunk             ||     1
Armor: Robe              ||    30
Dodge: Dodged            ||    56

Table legend:
 A = Non-vault XP
 B = Vault XP
 C = Vault XP percentage of total XP
 D = Non-vault monster count
 E = Vault monster count
 F = Vault count percentage of total count
                 A         B        C        D         E       F
            +---------+---------+-------+---------+---------+-------
      Total |      28 |       0 |   0.0 |      16 |       0 |   0.0
            +---------+---------+-------+---------+---------+-------
        D:1 |      11 |       0 |   0.0 |       9 |       0 |   0.0
        D:2 |      17 |       0 |   0.0 |       7 |       0 |   0.0
            +---------+---------+-------+---------+---------+-------
